 Dungeon Crawl Stone Soup version 0.24.0-13-gcf9b319 (webtiles) character file.

Game seed: 17982191710771027499, levelgen mode: deterministic

37 Bronimir the Stinger (level 3, 0/25 HPs)
             Began as a Formicid Venom Mage on Apr 1, 2020.
             Slain by a centaur zombie (2 damage)
             ... on level 2 of the Dungeon.
             The game lasted 00:04:19 (1249 turns).

Bronimir the Stinger (Formicid Venom Mage)          Turns: 1249, Time: 00:04:19

Health: 0/25       AC:  5    Str: 13    XL:     3   Next: 62%
Magic:  7/7        EV: 12    Int: 14    God:
Gold:   75         SH:  0    Dex: 11    Spells: 1/7 levels left

rFire    . . .     SeeInvis +   a - +0 spear
rCold    . . .     Gourm    .   (no shield)
rNeg     . . .     Faith    .   e - +0 robe
rPois    .         Spirit   .   (helmet unavailable)
rElec    .         Reflect  .   r - +2 cloak
rCorr    .         Harm     .   (no gloves)
MR       .....                  (no boots)
Stlth    ++........             (no amulet)
HPRegen  0.08/turn              (no ring)
MPRegen  0.10/turn              (no ring)

@: no status effects
A: permanent stasis, dig shafts and tunnels, four strong arms, antennae 3
a: Dig, Shaft Self


You were on level 2 of the Dungeon.
You were hungry.

You visited 1 branch of the dungeon, and saw 2 of its levels.

You collected 75 gold pieces.

Inventory:

Hand Weapons
 a - a +0 spear (weapon)
 l - a +0 mace
Missiles
 d - 18 arrows
 i - 41 stones (quivered)
 p - 26 sling bullets
Armour
 e - a +0 robe (worn)
 r - a +2 cloak (worn)
Scrolls
 f - a scroll of blinking {unknown}
 g - a scroll of amnesia {unknown}
 m - 2 scrolls of remove curse {unknown}
 n - a scroll of identify {unknown}
 o - a scroll of fear {unknown}
Potions
 j - 3 potions of heal wounds {unknown}
 k - a potion of haste {unknown}
 q - 2 potions of mutation {unknown}
 s - a potion of berserk rage {unknown}
Comestibles
 c - 4 rations


   Skills:
 + Level 0.8 Fighting
 + Level 0.1 Maces & Flails
 * Level 0.1 Polearms
 * Level 0.4 Armour
 + Level 1.8 Dodging
 - Level 2.4 Stealth
 * Level 2.6 Spellcasting
 + Level 1.0 Conjurations
 * Level 4.9 Poison Magic


You had one spell level left.
You knew the following spells:

 Your Spells              Type           Power        Failure   Level  Hunger
a - Sting                 Conj/Pois      ##..         7%          1    #......
b - Poisonous Vapours     Pois/Air       #.....       12%         2    ###....
c - Mephitic Cloud        Conj/Pois/Air  #.......     28%         3    ###....

Your spell library contained the following spells:

 Spells                   Type           Power        Failure   Level  Hunger
 Olgreb's Toxic Radiance  Pois           ###.....     28%         4    #####..
 Venom Bolt               Conj/Pois      ##........   88%         5    ######.


Dungeon Overview and Level Annotations

Branches:
Dungeon (2/15)

Altars:


Innate Abilities, Weirdness & Mutations

You cannot be hasted, slowed, berserked, paralysed or teleported.
You can dig through walls and to a lower floor.
Your four strong arms can wield two-handed weapons with a shield.
You have a pair of large antennae on your head. (SInv)


Message History

Casting: Sting (safe; 7% risk of failure)
Confirm with . or Enter, or press ? or * to list all spells.
You can't see any susceptible monsters within range! (Use Z to cast anyway.) Unknown command.
You hit the centaur zombie.
The centaur zombie is heavily damaged.
The centaur zombie misses you. The centaur zombie hits you.
* * * LOW HITPOINT WARNING * * *
Casting: Sting (safe; 7% risk of failure)
Confirm with . or Enter, or press ? or * to list all spells.
Aiming: Poisonous Vapours (safe; 12% risk of failure)
Press: ? - help, Dir - move target cursor, f - centaur zombie
Aim: a centaur zombie (heavily damaged) But poisonous vapours would do no harm to the centaur zombie!
The centaur zombie hits you.
* * * LOW HITPOINT WARNING * * *
You hit the centaur zombie.
The centaur zombie is severely damaged.
The centaur zombie hits you.
You die...

. ♣.........#
#.##...#####
.♣♣.........# ####.#
.†..........# ..#.###
♣♣....).....# #.#...#
♣...........#######.###.#
##'#....................#
#.#.............########
#.#.............#
#.#...........Z@#
#.#.............#
#.#.............#
#.###############


You could see a centaur zombie.

Vanquished Creatures
  An adder (D:2)
  3 giant cockroaches (D:1)
  3 goblins (D:1)
  3 hobgoblins
  A ball python (D:1)
  7 bats (D:1)
  3 frilled lizards (D:1)
  4 kobolds (D:1)
  5 rats
30 creatures vanquished.

Notes
Turn   | Place    | Note
-------+----------+-------------------------------------------
     0 | D:1      | Bronimir the Formicid Venom Mage began the quest for the
                  | Orb.
     0 | D:1      | Reached XP level 1. HP: 13/13 MP: 3/3
    62 | D:1      | Reached skill level 1 in Conjurations
   250 | D:1      | Reached XP level 2. HP: 17/20 MP: 0/5
   313 | D:1      | Learned a level 2 spell: Poisonous Vapours
   746 | D:1      | Reached XP level 3. HP: 25/25 MP: 2/6
  1213 | D:2      | Learned a level 3 spell: Mephitic Cloud
  1249 | D:2      | Slain by a centaur zombie

Levels and vault maps discovered:
D:1:      wheals_arrival_shading, layout_rooms
D:2:      layout_basic, first_ration, serial_forest, infiniplex_forest_zigzag_1,
          infiniplex_forest_straight_2, infiniplex_forest_end_1,
          infiniplex_forest_3_way, infiniplex_forest_straight_3,
          infiniplex_forest_lined_1, infiniplex_forest_lined_3, st_stairs_4,
          makhleb_heckhound_becter, uniq_sigmund

Skill      XL: |  1 |
---------------+----+-----
Conjurations   | 1 |  1.0
Fighting       | |  0.8
Maces & Flails | |  0.1
Polearms       | |  0.1
Armour         | |  0.4
Dodging        | |  1.8
Stealth        | |  2.4
Spellcasting   | |  2.6
Poison Magic   | |  4.9

Action                   || total
-------------------------++-------
Melee: Unarmed           ||    15
       Mace              ||    25
       Spear             ||    20
 Cast: Sting             ||    20
       Poisonous Vapours ||    16
  Use: Potion            ||     1
  Eat: Chunk             ||     2
Armor: Robe              ||    32
Dodge: Dodged            ||    72
